 Dungeon Crawl Stone Soup version 0.28.0-1-gb440e238dd (webtiles) character file.

Game seed: 1671352560806303334

106 lonewolfV2 the Skirmisher (level 4, -11/40 HPs)
             Began as a Hill Orc Fighter on Feb 20, 2022.
             Mangled by an ogre (19 damage)
             ... on level 4 of the Dungeon.
             The game lasted 00:02:33 (2289 turns).

lonewolfV2 the Skirmisher (Hill Orc Fighter)        Turns: 2289, Time: 00:02:34

Health: -11/40     AC: 10    Str: 20    XL:     4   Next: 84%
Magic:  4/4        EV:  7    Int:  8    God:
Gold:   105        SH:  4    Dex: 10    Spells: 3/3 levels left

rFire   . . .      SeeInvis .   a - +0 war axe
rCold   + . .      Faith    .   c - +0 buckler
rNeg    . . .      Spirit   .   g - +1 chain mail of Fun {rPois rC+}
rPois   +          Reflect  .   (no helmet)
rElec   .          Harm     .   (no cloak)
rCorr   .          Rampage  .   (no gloves)
Will    .....                   (no boots)
Stlth   ..........              (no amulet)
HPRegen 0.13/turn               e - ring of flight
MPRegen 0.09/turn               (no ring)

@: flying
A: no striking features
a: no special abilities


You were on level 4 of the Dungeon.
You visited 1 branch of the dungeon, and saw 4 of its levels.

You collected 105 gold pieces.

Inventory:

Hand Weapons
 a - a +0 war axe (weapon)
Armour
 b - a +0 scale mail
 c - a +0 buckler (worn)
 g - the +1 chain mail of Fun (worn) {rPois rC+}
   (You found it on level 3 of the Dungeon)

   rC:        It protects you from cold.
   rPois:     It protects you from poison.
Jewellery
 e - a ring of flight (left hand)
 l - a +4 ring of slaying
Scrolls
 f - a scroll of silence {unknown}
 j - a scroll of enchant weapon {unknown}
 k - a scroll of teleportation {unknown}
Potions
 d - a potion of might
 h - a potion of lignification {unknown}
 i - 2 potions of attraction {unknown}


   Skills:
 + Level 4.3 Fighting
 + Level 4.1 Axes
 + Level 4.2 Armour
 + Level 0.6 Dodging
 + Level 0.1 Stealth
 + Level 3.7 Shields


You had 3 spell levels left.
You didn't know any spells.
Your spell library contained the following spells:

 Spells                   Type           Power      Damage    Failure   Level
 Sandblast                Erth           0%         2d4       99%         1
 Passwall                 Tmut/Erth      0%         N/A       100%        2
 Stone Arrow              Conj/Erth      0%         3d7       100%        3


Dungeon Overview and Level Annotations

Branches:
Dungeon (4/15)
 Temple: D:4-7

Altars:
Xom


Message History

Done waiting.
You start waiting.
Done waiting.
Nothing quivered!
Items here: ( ))).
Things that are here:
a +0 dagger of draining; a goblin skeleton
There is a stone staircase leading up, spattered with blood here.
You see here a +0 club.
Items here: ))) [[ รท.
Items here: ))) [[.
Found a leather armour.
You see here a +0 leather armour.
You reach down and open the door.
There is an open door here.
An ogre comes into view. It is wielding a +0 giant club.
An ogre is nearby!
You slash the ogre!
The ogre is heavily wounded.
The ogre hits you with a +0 giant club.
You barely miss the ogre.
The ogre is heavily wounded.
The ogre hits you with a +0 giant club!
You closely miss the ogre.
The ogre is heavily wounded.
The ogre hits you with a +0 giant club.
You slash the ogre!
The ogre is almost dead.
The ogre hits you with a +0 giant club.
You barely miss the ogre.
The ogre is almost dead.
The ogre closely misses you.
You hit the ogre.
The ogre is almost dead.
The ogre hits you with a +0 giant club!
* * * LOW HITPOINT WARNING * * *
You barely miss the ogre.
The ogre is almost dead.
The ogre hits you with a +0 giant club!!
You die...

# .# + #. .# #. ##.#
##.#... #....###
###@O..# #...#.##
#.###.# ##.....#
#'#####... .. #.#
##### ... ...##
#.###...####... .....
#......###....##.....
######.#.....###.....


You could see an ogre.

Vanquished Creatures
  An iguana (D:4)
  Robin (D:4)
  3 adders
  2 ball pythons (D:1)
  4 endoplasms
  12 goblins
  5 hobgoblins
  3 jackals (D:1)
  2 kobolds
  5 bats
  2 rats (D:1)
40 creatures vanquished.

Vanquished Creatures (others)
  A goblin (D:4)
1 creature vanquished.

Grand Total: 41 creatures vanquished

Notes
Turn   | Place    | Note
-------+----------+-------------------------------------------
     0 | D:1      | lonewolfV2 the Hill Orc Fighter began the quest for the
                  | Orb.
     0 | D:1      | Reached XP level 1. HP: 19/19 MP: 1/1
   262 | D:1      | Reached XP level 2. HP: 27/27 MP: 2/2
   358 | D:1      | Found a faded altar of an unknown god.
  1117 | D:2      | You are sucked into a shaft and drop 1 floor!
  1128 | D:3      | Identified the +1 chain mail of Fun {rPois rC+}
  1350 | D:3      | Reached XP level 3. HP: 33/33 MP: 3/3
  1448 | D:3      | Found a shimmering altar of Xom.
  1800 | D:4      | Noticed Robin
  1813 | D:4      | Reached XP level 4. HP: 18/36 MP: 4/4
  1818 | D:4      | Killed Robin
  2282 | D:4      | Noticed an ogre
  2289 | D:4      | Mangled by an ogre

Illustrated notes

Levels and vault maps discovered:
D:1:      ncdulo_lavacross, layout_rooms, serial_co_window_serial,
          co_window_paths_b, co_window_corner_a, co_window_paths_a,
          co_window_paths_a, co_window_paths_a, co_window_corner_cb,
          co_window_unsneaky_path_e, co_window_unsneaky_path_b,
          co_window_corner_cb, co_window_4corner_b, glass_columns_a,
          glass_columns_a, shapermc_ecumenical_altar_acropolis
D:2:      minmay_angry_zag, layout_rooms, hex_medium, uniq_jessica
D:3:      layout_basic, xom_teletrap_fun, interstate_on_off,
          minmay_misc_feat_tower
D:4:      minmay_evil_eye, layout_cave_pools, mainiacjoe_overflow_swirl,
          gammafunk_ghost_nasty_kobolds, uniq_crazy_yiuf_cottage, uniq_robin

Skill      XL: |  1  2  3  4 |
---------------+-------------+-----
Axes           | 3 4 |  4.1
Fighting       | 4 |  4.3
Armour         | 4 |  4.2
Dodging        | |  0.6
Stealth        | |  0.1
Shields        | |  3.7

Action                   |  1- 3 |  4- 6 || total
-------------------------+-------+-------++-------
Melee: War axe           |    73 |    22 ||    95
Armor: Scale mail        |    31 |       ||    31
       Chain mail        |    33 |     9 ||    42
Dodge: Dodged            |    40 |     9 ||    49
Block: Buckler           |    26 |     4 ||    30
